 Dungeon Crawl Stone Soup version 0.32-a0-921-g04a7ad8e02 (webtiles) character file.

Game seed: 762282265714238077

783 fly the Covert (level 8, 0/42 (46) HPs)
             Began as a Kobold Delver on Apr 12, 2024.
             Slain by a wight
             ... wielding a +2 mace
              (12 damage)
             ... on level 6 of the Dungeon.
             The game lasted 00:06:10 (5625 turns).

fly the Covert (Kobold Delver)                      Turns: 5625, Time: 00:06:11

HP:   0/42 (46)     AC:  4    Str: 15    XL:     8   Next: 11%
MP:   8/8           EV: 16    Int: 12    God:
Gold: 187           SH:  0    Dex: 18    Spells: 7/7 levels left

rFire   . . .        b - +0 rapier
rCold   . . .        (no shield)
rNeg    . . .        y - +0 leather armour
rPois   .            (no helmet)
rElec   .            (no cloak)
rCorr   .            (no gloves)
SInv    .            o - +0 pair of boots
Will    .....        (no amulet)
Stlth   ++++++       x - +6 ring of strength
HPRegen 0.27/turn    u - ring of wizardry
MPRegen 0.11/turn

%: wizardry (x1)
@: drained
A: small, no large weapons, nightstalker 3
a: no special abilities


You were on level 6 of the Dungeon.
You visited 1 branch of the dungeon, and saw 6 of its levels.

You collected 187 gold pieces.

Inventory:

Hand Weapons
 a - a +0 dagger of venom
 b - a +0 rapier (weapon)
Missiles
 w - 8 atropa-tipped darts (quivered)
Armour
 o - a +0 pair of boots (worn)
 y - a +0 leather armour (worn)
 Y - a +0 ring mail of poison resistance
Jewellery
 u - a ring of wizardry (right hand)
 x - a +6 ring of strength (left hand)
 B - a ring of positive energy
Wands
 e - a wand of polymorph (4)
 g - a wand of digging (3)
 C - a wand of paralysis (11)
Scrolls
 c - 2 scrolls of fog
 d - 2 scrolls of revelation
 i - 2 scrolls of teleportation
 n - a scroll of torment
 p - a scroll of enchant armour
 q - a scroll of vulnerability {unknown}
 s - 3 scrolls of poison {unknown}
 t - 2 scrolls of amnesia
 z - 2 scrolls of enchant weapon {unknown}
Potions
 f - a potion of haste
 h - a potion of heal wounds {unknown}
 j - 3 potions of invisibility {unknown}
 k - a potion of ambrosia {unknown}
 l - 2 potions of magic {unknown}
 m - 2 potions of enlightenment {unknown}
 r - 3 potions of curing {unknown}
 v - a potion of mutation {unknown}
 A - a potion of might {unknown}
 D - 2 potions of berserk rage {unknown}
 E - 2 potions of lignification {unknown}


   Skills:
 - Level 3.2 Fighting
 + Level 6.1 Short Blades
 + Level 5.5 Dodging
 * Level 10.8 Stealth


You had 7 spell levels left.
You didn't know any spells.
Your spell library contained the following spells:

 Spells                   Type           Power      Damage    Failure   Level
 Shock                    Conj/Air       0%         1d3       16%         1
 Mercury Vapours          Alch/Air       0%         N/A       24%         2
 Scorch                   Fire           0%         2d5       24%         2
 Dazzling Flash           Conj/Hex       0%         N/A       43%         3
 Mephitic Cloud           Conj/Alch/Air  0%         N/A       43%         3
 Swiftness                Air            0%         N/A       43%         3
 Airstrike                Air            0%         2d(0-16)  82%         4
 Flame Wave               Conj/Fire      0%         2d4       82%         4
 Curse of Agony           Necr           0%         N/A       98%         5
 Silence                  Hex/Air        0%         N/A       98%         5
 Summon Cactus Giant      Summ           0%         N/A       100%        6


Dungeon Overview and Level Annotations

Branches:
Dungeon (6/15)
 Temple: D:4-7

Altars:
Ru
Wu Jian

Shops:
D:1 =   D:5 *


Innate Abilities, Weirdness & Mutations

You are small and have problems with some larger weapons.
You are completely attuned to the shadows.


Message History

The helpless wight fails to defend itself.
You spit the wight like a pig!!!!
You destroy the wight!
Your life force feels restored.
Unknown command.
There is a stone staircase leading up here.
You climb upwards.
There is a stone staircase leading down here.
Unknown command.
HP restored.
Done exploring.
You climb downwards.
You hear the sound of rushing water.
There is an entrance to a sewer on this level.
Hurry and find it before the portal rusts away!
You hear the rusting of a distant drain.
The wight barely misses you. The wight hits you with a +2 mace!
You feel drained.
There is a stone staircase leading up, spattered with blood here.
Your +0 dagger of venom stops dripping with poison.
b - a +0 rapier (weapon)
You hit the wight.
The wight is moderately damaged.
The wight completely misses you.
You barely miss the wight.
The wight is moderately damaged.
The wight barely misses you.
You hit the wight.
The wight is severely damaged.
The wight hits you with a +2 mace!
You barely miss the wight.
The wight is severely damaged.
The wight closely misses you.
You hit the wight.
The wight is severely damaged.
The wight hits you with a +2 mace!
You feel drained.
* * * LOW HITPOINT WARNING * * *
You hit the wight but do no damage.
The wight is severely damaged.
The wight hits you with a +2 mace!
You die...

###..#####
...)......
..........
#.##)##...
####+##.##...
#............
+...........
#...........
#..z@.......
#...........
###########


You could see a wight.

Vanquished Creatures
  Eustachio (D:4)
  2 scorpions
  2 wights (D:6)
  2 orc priests (D:3)
  A bombardier beetle (D:5)
  2 orc wizards (D:4)
  2 iguanas (D:5)
  7 gnolls
  6 adders
  2 ufetubi (D:5)
  3 dart slugs
  A ribbon worm (D:2)
  10 orcs
  2 bats
  9 endoplasms
  5 giant cockroaches
  8 hobgoblins
  3 jackals (D:1)
  3 quokkas (D:1)
  4 ball pythons
  2 frilled lizards (D:2)
  8 goblins
  10 kobolds
  5 rats
100 creatures vanquished.

Notes
Turn   | Place    | Note
-------+----------+-------------------------------------------
     0 | D:5      | fly the Kobold Delver began the quest for the Orb.
     0 | D:5      | Reached XP level 1. HP: 14/14 MP: 1/1
    22 | D:5      | Found Korul's Elemental Accessories.
    31 | D:5      | Noticed an iguana
   443 | D:1      | Found Ehopsis's Jewellery Boutique.
   456 | D:1      | Reached XP level 2. HP: 19/19 MP: 2/2
   591 | D:1      | Reached skill level 7 in Stealth
   710 | D:1      | Reached XP level 3. HP: 23/23 MP: 3/3
  1244 | D:2      | Reached XP level 4. HP: 28/28 MP: 4/4
  1751 | D:3      | Reached skill level 8 in Stealth
  1823 | D:2      | Reached XP level 5. HP: 13/32 MP: 5/5
  2603 | D:3      | Got the Disquisition on Charged Anthracomancy
  3179 | D:4      | Reached XP level 6. HP: 37/37 MP: 6/6
  3293 | D:4      | Reached skill level 9 in Stealth
  3678 | D:4      | Reached skill level 5 in Short Blades
  3870 | D:4      | Noticed Eustachio
  4001 | D:4      | Killed Eustachio
  4002 | D:4      | Reached skill level 10 in Stealth
  4002 | D:4      | Reached XP level 7. HP: 16/41 MP: 7/7
  4596 | D:5      | Reached skill level 5 in Dodging
  4890 | D:5      | Identified the +6 plate armour "Peycaib" {^Drain rPois rC+
                  | Will+++}
  5224 | D:5      | Found a sacrificial altar of Ru.
  5224 | D:5      | Found an ornate altar of the Wu Jian Council.
  5464 | D:6      | Reached XP level 8. HP: 46/46 MP: 8/8
  5625 | D:6      | Slain by a wight

Illustrated notes

Levels and vault maps discovered:
D:1:      dpeg_arrival_houses_and_road, layout_rooms, serial_shops,
          nicolae_shop_tiny_waterfront
D:2:      layout_rooms
D:3:      layout_loops_corners, chequers_serial_rivers_room_b
D:4:      layout_loops_ring, nicolae_concentric_dashed_squares_wild,
          uniq_eustachio
D:5:      layout_gridville, gammafunk_temple_overflow_wave,
          nicolae_elemental_shop, minmay_puff
D:6:      layout_gridville, mainiacjoe_sewer_entry_somewhere_in_here_1,
          ebering_ghost_sewer_f

Skill      XL: |  1  2  3  4  5  6  7 |
---------------+----------------------+-----
Short Blades   | 3 4 5 6 |  6.1
Stealth        | 7 8 10 | 10.8
Dodging        | 3 4 5 |  5.5
Fighting       | |  3.2

Action                     |  1- 3 |  4- 6 |  7- 9 || total
---------------------------+-------+-------+-------++-------
  Melee: Short sword       |    89 |   184 |       ||   273
         Dagger            |       |    31 |    42 ||    73
         Unarmed           |       |     3 |       ||     3
         Rapier            |       |       |    30 ||    30
  Throw: Dart              |       |     7 |       ||     7
  Evoke: Wand              |       |       |     1 ||     1
    Use: Scroll            |       |     6 |       ||     6
   Stab: Sleeping          |    15 |    30 |     3 ||    48
         Invisible         |       |     2 |       ||     2
         Paralysed         |       |       |     1 ||     1
 Armour: Leather armour    |    43 |    77 |    36 ||   156
         Skin              |       |     2 |       ||     2
  Dodge: Dodged            |    60 |   123 |    64 ||   247

Table legend: (Time is in decaauts)
 A = Elapsed time spent in this place.
 B = Non-inter-level travel time spent in this place.
 C = Inter-level travel time spent in this place.
 D = Time resting spent in this place.
 E = Time spent auto-exploring this place.
 F = Levels seen in this place.
 G = Mean time per level.
                   A        B        C        D        E       F      G
               +--------+--------+--------+--------+--------+-----+--------+
         Total |   5503 |   5269 |    234 |    375 |   3923 |   6 |  917.2 |
       Dungeon |   5503 |   5269 |    234 |    375 |   3923 |   6 |  917.2 |
               +--------+--------+--------+--------+--------+-----+--------+

Top non-repeatable levels by time:
     D:3: 1369 daAuts
     D:4: 1292 daAuts
     D:5: 1228 daAuts
     D:1: 869 daAuts
     D:2: 672 daAuts
     D:6: 71 daAuts
